Map: Ice and Chrome LE

Players

Future - Winner!

  • Race: Terran Terran
  • Spawn Location: 1:00

Scarlett

  • Race: Zerg Zerg
  • Spawn Location: 7:00

Event: DreamHack SC2 Masters 2020 Summer North America

VOD

Have the link to the VOD?

Description

Time

  • Played on: July 8, 2020, 3:50 p.m.
  • Length: 15:52

All games in this series

Show
View Real Time Build Order
Export as new Build Order

Future Terran - Winner!

Build Orders: Reaper Expand 

Get SALT Encoding   

  12  0:00  SCV  
  13  0:12  SCV  
  14  0:17  Supply Depot  
  14  0:25  SCV  
  15  0:38  SCV  
  15  0:40  Barracks  
  16  0:43  Refinery  
  16  0:50  SCV  
  17  1:02  SCV  
  18  1:14  SCV  
  19  1:27  Reaper  
  19  1:28  Orbital Command  
  20  1:39  Command Center  
  20  1:53  SCV  
  21  1:55  Supply Depot  
  21  1:59  Marine  
  22  2:05  SCV  
  22  2:07  Factory  
  23  2:17  SCV  
  23  2:21  Refinery  
  23  2:22  Barracks Reactor  
  24  2:29  SCV  
  25  2:41  SCV  
  25  2:52  Orbital Command  
  25  2:53  SCV  
  25  2:55  Starport  
  26  3:01  Hellion  
  26  3:02  Hellion  
  26  3:04  Barracks Tech Lab  
  30  3:05  SCV  
  31  3:13  Supply Depot  
  31  3:18  SCV x2  
  33  3:23  Hellion x2, Stimpack  
  33  3:25  Marine  
  38  3:30  SCV x2  
  40  3:34  Viking  
  42  3:42  SCV x2  
  42  3:48  Barracks  
  44  3:54  SCV x2, Barracks  
  44  3:55  Marine  
  46  3:56  Factory Reactor  
  47  4:04  Starport Tech Lab  
  47  4:06  SCV x2, Supply Depot  
  49  4:10  Engineering Bay  
  49  4:15  Marine  
  50  4:18  SCV x2  
  50  4:21  Refinery  
  52  4:30  SCV x2  
  54  4:32  Supply Depot, Marine  
  54  4:35  Starport Reactor  
  54  4:36  Terran Infantry Weapons Level 1  
  54  4:37  Supply Depot  
  53  4:39  Siege Tank  
  53  4:42  SCV x2  
  58  4:46  Marine  
  58  4:47  Marine x3  
  62  4:53  Refinery  
  62  4:54  SCV x2  
  62  4:57  Marine  
  65  5:02  Combat Shield  
  65  5:03  Supply Depot  
  65  5:04  Marine  
  65  5:05  Marine x3  
  69  5:09  SCV x2  
  74  5:14  Siege Tank  
  74  5:18  Medivac  
  76  5:23  Supply Depot  
  76  5:24  Marine  
  76  5:26  Supply Depot, Marine x2  
  76  5:27  Marine  
  80  5:29  Marine  
  81  5:42  Marine  
  82  5:44  Marine x2  
  82  5:45  Marine  
  82  5:47  Marine, Siege Tank  
  89  5:56  Medivac x2  
  93  5:59  Marine  
  93  6:02  Marine x3  
  97  6:05  Marine  
  97  6:06  Supply Depot  
  97  6:07  Supply Depot  
  98  6:17  Marine  
  99  6:19  Siege Tank  
  102  6:27  Marine x4  
  102  6:28  Command Center  
  102  6:31  Medivac x2  
  108  6:35  Marine  
  108  6:38  SCV  
  110  6:44  Marine x2  
  110  6:45  Marine  
  101  6:55  Marine  
  101  6:57  Marine  
  101  6:59  Siege Tank  
  103  7:01  Liberator x2  
  103  7:02  Marine  
  103  7:05  Supply Depot x2  
  103  7:07  Marine  
  103  7:08  Marine  
  110  7:23  Barracks  
  110  7:26  Marine  
  110  7:27  Marine x2  
  113  7:34  Siege Tank  
  113  7:35  Marine  
  113  7:36  Marine  
  91  7:44  Marine  
  91  7:45  Marine  
  91  7:46  Marine  
  91  7:47  Liberator x2  
  98  7:52  SCV  
  98  7:53  SCV, Marine  
  98  7:54  Marine  
  98  7:56  Barracks  
  102  8:02  Marine  
  102  8:03  Marine  
  102  8:04  Marine  
  102  8:05  SCV x2  
  107  8:06  Siege Tank  
  107  8:11  Marine  
  107  8:12  Marine  
  109  8:17  Marine  
  107  8:23  Marine x3  
  90  8:28  Orbital Command  
  90  8:29  SCV x2, Marine  
  90  8:32  Barracks Reactor  
  93  8:37  Liberator  
  93  8:38  Siege Tank  
  99  8:41  SCV x2, Liberator  
  99  8:43  Terran Infantry Armor Level 1  
  99  8:46  Barracks Reactor  
  99  8:48  Missile Turret  
  104  8:50  Missile Turret  
  104  8:53  SCV x2  
  104  8:55  SCV, Missile Turret  
  103  9:05  SCV x2  
  103  9:07  SCV  
  104  9:12  Siege Tank  
  107  9:17  SCV  
  107  9:18  SCV  
  107  9:19  Marine x7  
  107  9:23  Marine  
  107  9:24  Marine  
  118  9:25  Supply Depot  
  118  9:30  Refinery  
  118  9:33  Refinery  
  118  9:37  Marine x7  
  118  9:38  Medivac x2  
  129  9:41  Marine x2  
  129  9:42  Supply Depot  
  129  9:43  Supply Depot  
  129  9:44  Siege Tank  
  133  9:54  Marine  
  133  9:55  Marine  
  133  9:59  Marine  
  136  10:00  Marine x2  
  136  10:03  Marine  
  139  10:09  Marine x3  
  139  10:12  Liberator  
  139  10:13  Marine x2  
  145  10:17  Marine, Siege Tank  
  145  10:18  Marine x2  
  151  10:21  Marine  
  151  10:22  Liberator  
  151  10:27  Marine  
  156  10:31  Marine x3  
  159  10:36  Marine  
  159  10:37  Marine x3  
  159  10:41  Marine  
  164  10:44  Armory, Engineering Bay, Marine  
  164  10:49  Supply Depot, Marine x3, Siege Tank  
  171  10:50  Supply Depot  
  171  10:54  Marine x2  
  171  10:55  Marine  
  154  11:06  Marine  
  143  11:15  Marine x4  
  125  11:20  Marine x2  
  125  11:21  Siege Tank  
  125  11:24  Marine  
  131  11:25  Marine  
  131  11:30  Marine  
  133  11:36  Medivac  
  134  11:43  Marine  
  134  11:44  Marine  
  134  11:46  Marine  
  137  11:47  Marine  
  135  11:56  Siege Tank  
  135  11:57  Marine x2  
  135  11:59  Marine x3  
  104  12:10  Liberator x2  
  104  12:11  Marine x2  
  104  12:12  Marine  
  103  12:17  Marine  
  103  12:18  Marine  
  103  12:19  Marine x2  
  103  12:21  Marine  
  103  12:22  Marine  
  104  12:28  Marine  
  104  12:29  Marine  
  97  12:32  Marine  
  97  12:34  Marine  
  97  12:36  Marine x3  
  99  12:42  Marine  
  96  12:44  Marine  
  96  12:49  Marine x2  
  96  12:50  Marine  
  97  12:52  Marine  
  97  12:54  Marine x3  
  101  13:00  Marine  
  101  13:02  Marine  
  103  13:07  Marine x2  
  103  13:08  Marine  
  103  13:10  Marine  
  103  13:11  Siege Tank  
  103  13:12  Marine x3  
  113  13:17  Marine  
  106  13:20  Marine  
  106  13:25  Marine x2  
  106  13:26  Marine  
  103  13:28  Marine, Liberator x2  
  103  13:30  Marine x3  
  113  13:35  Marine  
  113  13:38  Marine  
  115  13:43  Marine x3, Siege Tank  
  115  13:46  Marine  
  115  13:47  Marine  
  115  13:48  Marine x2  
  115  13:53  Marine  
  106  13:56  Marine  
  106  14:00  Marine  
  106  14:01  Marine x2  
  105  14:04  Marine  
  105  14:05  Marine x3  
  109  14:11  Medivac, Marine  
  109  14:12  Medivac  
  109  14:13  Marine  
  115  14:18  Marine x2  
  115  14:19  Marine  
  115  14:21  Marine  
  115  14:22  Siege Tank  
  115  14:23  Marine x3  
  125  14:29  Marine  
  126  14:31  Marine  
  126  14:36  Marine x2  
  126  14:37  Marine  
  130  14:39  Marine  
  130  14:41  Marine x3  
  130  14:44  Orbital Command  
  134  14:47  Marine  
  134  14:49  Marine  
  125  14:54  Marine x2  
  125  14:55  Marine  
  125  14:57  Marine  
  125  14:59  Marine x3  
  132  15:06  Marine  
  132  15:07  Marine  
  132  15:12  Marine  
  132  15:13  Marine  
  132  15:14  Marine  
  133  15:15  Marine  
  133  15:16  Marine  
  133  15:18  Marine  
  134  15:25  Marine  
Show
View Real Time Build Order
Export as new Build Order

Scarlett Zerg 

Build Orders: Hatch First, Muta Ling Bane 

Get SALT Encoding   

  12  0:00  Drone  
  13  0:12  Overlord  
  13  0:16  Drone  
  14  0:30  Drone x2  
  16  0:46  Hatchery  
  15  0:50  Drone  
  15  0:54  Drone  
  17  0:57  Drone  
  18  1:08  Extractor  
  17  1:12  Spawning Pool  
  17  1:15  Drone  
  17  1:18  Drone  
  18  1:27  Drone  
  19  1:38  Drone  
  20  1:59  Queen x2  
  20  2:00  Zergling x6  
  27  2:03  Spine Crawler  
  26  2:12  Metabolic Boost  
  26  2:13  Overlord  
  26  2:18  Drone  
  26  2:22  Drone  
  29  2:33  Drone x3  
  32  2:38  Queen  
  34  2:48  Drone  
  34  2:49  Overlord  
  35  2:53  Drone  
  36  2:59  Hatchery  
  35  3:08  Drone x6  
  41  3:18  Overlord  
  41  3:23  Queen, Drone  
  44  3:29  Overlord, Extractor  
  43  3:35  Drone  
  43  3:39  Drone x2  
  43  3:40  Drone x2  
  48  3:44  Drone  
  48  3:46  Drone x3  
  52  3:56  Overlord  
  52  3:57  Drone  
  52  4:01  Lair, Queen  
  55  4:04  Extractor  
  55  4:09  Drone x3  
  57  4:12  Overlord  
  57  4:13  Overlord, Drone x2  
  57  4:16  Drone  
  60  4:25  Drone x5  
  60  4:29  Baneling Nest  
  64  4:33  Queen  
  66  4:41  Drone x3  
  69  4:47  Queen  
  69  4:48  Drone x6  
  77  4:54  Overlord x2  
  77  4:56  Zergling x4  
  79  5:04  Overlord, Spire  
  78  5:10  Extractor x2  
  78  5:13  Overlord x2  
  76  5:19  Overlord, Drone x5  
  81  5:24  Centrifical Hooks  
  81  5:31  Zergling x6  
  81  5:32  Overseer  
  85  5:35  Drone x2  
  85  5:36  Drone x5  
  91  5:43  Spore Crawler x2  
  91  5:44  Extractor  
  87  5:51  Drone  
  87  5:54  Zergling x12  
  94  6:06  Hatchery, Zergling x6  
  94  6:09  Baneling x14  
  94  6:11  Zergling x8  
  100  6:15  Drone  
  100  6:16  Zergling x6  
  103  6:34  Zergling x12  
  103  6:35  Overlord x2  
  90  6:57  Mutalisk x8  
  103  7:02  Baneling x6  
  103  7:03  Baneling x5  
  103  7:04  Zergling x6  
  106  7:11  Mutalisk  
  106  7:13  Zergling x8  
  112  7:21  Evolution Chamber  
  111  7:26  Zergling x8  
  115  7:36  Zergling x16  
  116  7:42  Mutalisk x4  
  116  7:43  Zergling x4  
  115  7:48  Queen x2  
  115  7:50  Baneling  
  115  7:51  Baneling x5  
  116  7:55  Zergling x8  
  116  7:58  Baneling x3  
  120  7:59  Zergling x4  
  122  8:19  Zergling x10  
  120  8:20  Mutalisk  
  120  8:21  Zergling x2, Mutalisk  
  120  8:26  Zergling x6  
  117  8:28  Zergling x2  
  118  8:35  Baneling  
  118  8:36  Hatchery, Baneling x8  
  118  8:37  Zergling x6  
  120  8:46  Evolution Chamber  
  119  8:48  Extractor  
  119  8:49  Zergling x6  
  119  8:50  Zerg Ground Armor Level 1  
  119  8:53  Overlord x2  
  121  8:56  Hatchery  
  116  9:12  Overlord  
  116  9:14  Overlord x3, Zerg Flyer Weapons Level 1  
  116  9:15  Zerg Melee Weapons Level 1  
  116  9:24  Zergling x8  
  116  9:26  Baneling  
  116  9:27  Baneling x8  
  120  9:45  Mutalisk  
  120  9:46  Mutalisk x2  
  120  9:47  Zergling x4  
  120  9:48  Zergling x16  
  120  9:52  Baneling x3  
  136  9:59  Zergling x12  
  140  10:06  Zergling x2  
  139  10:11  Zergling x22  
  150  10:17  Overlord x2  
  150  10:21  Mutalisk x3  
  150  10:28  Zergling x10  
  157  10:43  Mutalisk x5  
  160  10:58  Hatchery, Mutalisk x2  
  160  11:02  Zergling x18  
  154  11:13  Mutalisk x2  
  154  11:17  Zergling x16  
  140  11:21  Baneling  
  140  11:22  Baneling x5  
  140  11:24  Zergling x4  
  139  11:30  Zergling x4  
  141  11:35  Zergling x10  
  143  11:45  Zergling x8  
  143  11:46  Baneling x10  
  145  11:47  Baneling x4  
  137  11:55  Zergling x2  
  137  11:56  Zergling x6  
  121  12:07  Zergling x10  
  121  12:08  Zergling x14  
  121  12:12  Mutalisk  
  100  12:21  Mutalisk x3  
  98  12:30  Mutalisk  
  98  12:31  Zergling x12  
  98  12:38  Zergling x10  
  98  12:43  Zergling x6  
  100  12:46  Zergling x4  
  94  12:52  Baneling x4  
  94  12:53  Zergling x6  
  94  12:56  Baneling x4  
  96  12:59  Zergling x4  
  96  13:00  Baneling x2  
  96  13:04  Zergling x4  
  100  13:06  Baneling x2  
  100  13:07  Baneling x2  
  100  13:10  Zergling x4  
  95  13:20  Zergling x10  
  95  13:21  Zergling x6  
  86  13:30  Zergling x12  
  86  13:33  Baneling x5  
  92  13:39  Zergling x6  
  95  13:46  Zergling x2  
  95  13:47  Zergling x8  
  86  13:58  Baneling x2  
  86  14:03  Baneling x6  
  86  14:07  Baneling x11  
  86  14:08  Baneling x5  
  86  14:21  Hatchery  
  85  14:29  Zergling x8  
  85  14:30  Zergling x4  
  90  14:39  Zergling x14  
  97  14:50  Baneling x14  
  96  14:57  Zergling x10  
  101  15:04  Zergling x8  
  105  15:10  Zergling x8  
  97  15:17  Zergling x8  
  97  15:18  Zergling x2  
  96  15:23  Zergling x8  
Tags
 
Add a new tag
Caveats
  • Supply blocks, unpowered buildings, or Contaminate may cause inaccurate times.
  • Supply counts are checked every 10 seconds.